Map: Purity and Industry LE

Players

DHDH

  • Race: Terran Terran
  • League: Diamond
  • Spawn Location: 3:00

meeK - Winner!

  • Race: Protoss Protoss
  • League: Diamond
  • Spawn Location: 12:00

VOD

Have the link to the VOD?

Description

Time

  • Played on: April 30, 2020, 11:26 p.m.
  • Length: 9:20
Show
View Real Time Build Order
Export as new Build Order

DHDH Terran 

Build Orders: Reaper Expand 

Get SALT Encoding   

  12  0:01  SCV  
  13  0:13  SCV  
  14  0:17  Supply Depot  
  14  0:25  SCV  
  15  0:39  SCV  
  15  0:41  Barracks  
  16  0:45  Refinery  
  16  0:51  SCV  
  17  1:03  SCV  
  18  1:15  SCV  
  19  1:33  Reaper  
  19  1:36  Supply Depot  
  19  1:37  Orbital Command  
  20  1:58  Command Center  
  20  2:04  SCV  
  20  2:07  Barracks Reactor  
  21  2:10  Refinery  
  21  2:23  SCV  
  21  2:27  Factory  
  22  2:38  Bunker  
  22  2:44  Command Center, Marine x2  
  22  2:47  SCV  
  23  3:02  Marine x2  
  19  3:19  Marine  
  18  3:20  Marine  
  19  3:32  SCV  
  20  3:37  Marine x2  
  22  3:44  SCV  
  23  3:52  Factory Tech Lab  
  23  3:56  SCV  
  23  3:58  Starport  
  25  4:10  SCV  
  25  4:20  Siege Tank  
  28  4:34  Orbital Command  
  28  4:37  Starport Tech Lab  
  28  4:47  Marine x2  
  30  4:56  Raven  
  32  5:01  SCV  
  32  5:02  SCV  
  34  5:10  Siege Tank  
  37  5:21  Marine x2  
  37  5:25  SCV  
  40  5:29  Supply Depot  
  40  5:47  Medivac x2  
  44  5:50  Stimpack, Marine  
  44  5:51  Orbital Command  
  44  5:54  SCV  
  46  5:57  Engineering Bay  
  46  5:58  Engineering Bay  
  45  6:18  Siege Tank  
  38  6:27  Marine  
  38  6:31  SCV  
  29  6:45  Marine  
  17  7:03  Marine  
  15  7:18  SCV  
  15  7:21  SCV, Marine  
  17  7:30  SCV  
  17  7:36  Viking  
  19  7:57  Orbital Command  
  17  8:27  Marine  
  17  8:33  SCV x2  
  20  8:45  Marine  
Show
View Real Time Build Order
Export as new Build Order

meeK Protoss - Winner!

Build Orders:  

Get SALT Encoding   

  12  0:00  Probe  
  13  0:13  Probe  
  14  0:20  Pylon  
  14  0:27  Probe  
  15  0:38  Gateway  
  15  0:40  Probe  
  16  0:46  Assimilator  
  16  0:52  Probe  
  17  0:59  Pylon  
  18  1:04  Probe  
  18  1:20  Gateway  
  18  1:21  Gateway  
  18  1:33  Cybernetics Core  
  18  1:36  Probe  
  19  1:43  Assimilator  
  19  1:55  Probe  
  20  2:07  Probe  
  21  2:09  Stalker x2 (Chrono Boost)  
  25  2:18  Adept (Chrono Boost)  
  25  2:20  Warp Gate (Chrono Boost)  
  27  2:28  Pylon  
  27  2:31  Probe  
  28  2:39  Stalker  
  30  2:51  Stalker  
  32  2:59  Stalker  
  32  3:35  Robotics Facility  
  32  3:36  Adept x2  
  36  3:43  Shield Battery  
  36  3:52  Pylon  
  36  3:58  Probe  
  37  4:15  Adept  
  37  4:16  Adept x2  
  43  4:21  Warp Prism  
  45  4:30  Pylon  
  45  4:38  Adept  
  47  4:49  Adept x2  
  51  4:58  Observer  
  52  5:00  Pylon  
  52  5:03  Adept  
  54  5:29  Adept x3  
  60  6:07  Adept  
  52  6:22  Stalker x2  
  44  6:30  Adept  
  40  6:52  Adept  
  40  6:53  Adept x2  
  34  7:11  Adept  
  34  7:12  Adept  
  34  7:13  Adept  
  36  7:16  Immortal  
  38  7:25  Adept  
  38  7:26  Adept  
  42  7:40  Adept  
  44  7:52  Stalker x2  
  44  7:56  Immortal  
  52  8:04  Stalker  
  48  8:21  Adept x2  
  52  8:51  Adept x2  
  52  8:52  Adept  
  50  9:12  Adept x3  
Tags
 
Add a new tag
Caveats
  • Supply blocks, unpowered buildings, or Contaminate may cause inaccurate times.
  • Supply counts are checked every 10 seconds.